 Dungeon Crawl Stone Soup version 0.30-a0-339-g89bb51ec76 (webtiles) character file.

Game seed: 10778566838542932576

1844 PimpSugar the Magician (level 8, -3/57 (60) HPs)
             Began as a Demonspawn Hedge Wizard on Nov 1, 2022.
             Slain by a wight
             ... wielding a +4 short sword of freezing
              (4 damage)
             ... on level 6 of the Dungeon.
             The game lasted 00:23:39 (5846 turns).

PimpSugar the Magician (Demonspawn Hedge Wizard)    Turns: 5846, Time: 00:23:40

HP:   -3/57 (60)    AC:  8    Str: 18    XL:     8   Next: 88%
MP:   13/16         EV: 13    Int: 17    God:
Gold: 305           SH:  5    Dex: 22    Spells: 14/17 levels left

rFire   . . .      SeeInvis +    p - +6 spear "Suugas" {distort, Str+2 Dex+2 SInv}
rCold   . . .      Faith    .    (no shield)
rNeg    . . .      Spirit   .    l - +0 leather armour
rPois   .          Reflect  +    t - +2 helmet
rElec   .          Harm     .    (no cloak)
rCorr   .          Rampage  .    (no gloves)
Will    .....                    (no boots)
Stlth   +++.......               r - amulet of reflection
HPRegen 0.29/turn                o - +6 ring of dexterity
MPRegen 0.15/turn                H - +6 ring of strength

@: drained
A: claws 2, rugged brown scales 2, powered by death 1
a: no special abilities


You were on level 6 of the Dungeon.
You visited 1 branch of the dungeon, and saw 6 of its levels.

You collected 305 gold pieces.

Inventory:

Hand Weapons
 a - a +0 dagger
 p - the +6 spear "Suugas" (weapon) {distort, Str+2 Dex+2 SInv}
   (You found it on level 2 of the Dungeon)

   It warps and distorts space around it, and may blink, banish, or inflict
   extra damage upon those it strikes.
   Unwielding it can cause banishment or high damage.
   Str:       It affects your strength (+2).
   Dex:       It affects your dexterity (+2).
   SInv:      It lets you see invisible.
 u - a +3 whip of pain
 z - a +2 vampiric dagger
 B - a +1 flail of protection
 E - a +0 dagger of venom
 J - a +0 dire flail of protection
 M - a +3 mace of freezing
Missiles
 e - 63 stones
 v - 4 poisoned darts
 C - 5 boomerangs
Armour
 b - a +0 robe
 c - a +0 hat
 l - a +0 leather armour (worn)
 m - a +2 ring mail of fire resistance
 t - a +2 helmet (worn)
 G - a +1 pair of gloves
 L - a +0 ring mail of willpower
Magical Staves
 N - a staff of conjuration
Jewellery
 k - an amulet of the acrobat
 o - a +6 ring of dexterity (left claw)
 r - an amulet of reflection (around neck)
 y - a ring of willpower
 H - a +6 ring of strength (right claw)
Wands
 A - a wand of mindburst (12) (quivered)
 D - a wand of flame (25)
Scrolls
 f - 5 scrolls of immolation
 h - a scroll of teleportation
 q - 3 scrolls of fear
 w - 2 scrolls of identify
 F - a scroll of poison
Potions
 d - 2 potions of magic
 g - a potion of might
 i - a potion of resistance
 j - a potion of curing
 n - 4 potions of degeneration
 s - a potion of cancellation
 x - a potion of mutation
 I - a potion of ambrosia
 K - a potion of haste


   Skills:
 + Level 3.0 Fighting
 + Level 2.7 Polearms
 + Level 3.4 Dodging
 + Level 3.6 Stealth
 * Level 5.3 Spellcasting
 * Level 4.8 Conjurations
 + Level 3.4 Summonings
 + Level 2.9 Necromancy
 + Level 3.1 Translocations
 + Level 2.3 Evocations


You had 14 spell levels left.
You knew the following spells:

 Your Spells              Type           Power      Damage    Failure   Level
a - Magic Dart            Conj           80%        1d7       2%          1
b - Call Imp              Summ           16%        N/A       6%          2

Your spell library contained the following spells:

 Spells                   Type           Power      Damage    Failure   Level
 Blink                    Tloc           30%        N/A       7%          2
 Slow                     Hex            16%        N/A       16%         1
 Cigotuvi's Dreadful Rot  Necr/Pois/Air  14%        N/A       16%         2
 Dazzling Flash           Conj/Hex       24%        N/A       19%         3
 Mephitic Cloud           Conj/Pois/Air  10%        N/A       26%         3
 Iskenderun's Mystic Bla  Conj/Tloc      18%        2d6       32%         4
 Starburst                Conj/Fire      6%         6d4       100%        6


Dungeon Overview and Level Annotations

Branches:
Dungeon (6/15)
 Temple: D:4-7

Altars:
Dithmenos
Makhleb
Uskayaw

Shops:
D:2 (:!(


Innate Abilities, Weirdness & Mutations

You have very sharp fingernails.
You are mostly covered in rugged brown scales. (AC +2, +5% HP)
You regenerate a little health from kills.


Message History

The wight hits your crimson imp with a +4 short sword of freezing!
The wight freezes your crimson imp.
Your crimson imp dies!
Your crimson imp disappears in a puff of smoke!
The wight hits you but does no damage.
Reach: p) +6 spear "Suugas" {distort, Str+2 Dex+2 SInv}
Press: ? - help, Dir - move target, f - wight, p - wight
Aim: a wight, wielding a +0 flail and wearing a +0 robe (almost destroyed, about 28% to evade the +6 spear "Suugas")
You closely miss the wight.
The wight is almost destroyed.
The wight closely misses you.
The wight hits you from afar with a +5 trident of freezing.
You feel drained. The wight freezes you.
Reach: p) +6 spear "Suugas" {distort, Str+2 Dex+2 SInv}
Press: ? - help, Dir - move target, f/p - wight
Aim: a wight, wielding a +0 flail and wearing a +0 robe (severely damaged, about 28% to evade the +6 spear "Suugas")
You hit the wight but do no damage.
Space warps around the wight.
You destroy the wight!
The wight hits you with a +4 short sword of freezing.
You feel drained. The wight freezes you. You block the wight's attack.
Casting: Call Imp (safe; 6% risk of failure)
Confirm with . or Enter, or press ? or * to list all spells.
A beastly little devil appears in a puff of frigid air.
The wight hits you with a +4 short sword of freezing!
The wight freezes you. The wight barely misses you.
Reach: p) +6 spear "Suugas" {distort, Str+2 Dex+2 SInv}
Press: ? - help, Dir - move target, f - wight
Aim: a wight, wielding a +4 short sword of freezing and wearing a +0 robe (ally target, about 28% to evade the +6 spear "Suugas")
You barely miss the wight. The wight closely misses you.
The wight hits you from afar with a +5 trident of freezing!
* * * LOW HITPOINT WARNING * * *
The wight freezes you.
* * * LOW HITPOINT WARNING * * *
You feel better.
The wight hits you from afar with a +5 trident of freezing!
* * * LOW HITPOINT WARNING * * *
The wight freezes you.
* * * LOW HITPOINT WARNING * * *
The wight hits you with a +4 short sword of freezing.
You die...

#.#.#.###........
#.#..........###.
#.###.###.###....
#####.###.# #.# .###
.[.)......# #.###.#
###.......# #)#...#
#.......# #.#.#.#
##......###.#.#.#####.
#...........z@5......
.....#####...)########
#####.......#)z#
#######...## ##.## #.
#. ..


You could see 2 wights and a friendly white imp (summoned).

Vanquished Creatures
  Grinder (D:4)
  Prince Ribbit (D:6)
  A wyvern (D:5)
  Edmund (D:5)
  Menkaure (D:4)
  2 ogres
  2 necrophages (D:5)
  A scorpion (D:6)
  3 wights (D:6)
  2 jellies (D:6)
  A hound (D:5)
  3 orc priests (D:4)
  A gnoll bouda (D:6)
  Ijyb (D:4)
  An iguana (D:4)
  An orc wizard (D:4)
  Robin (D:2)
  4 gnolls (D:6)
  5 adders
  A dart slug (D:5)
  10 orcs
  5 ball pythons
  10 endoplasms
  6 giant cockroaches
  16 goblins
  5 hobgoblins
  4 jackals (D:4)
  3 quokkas
  6 bats
  2 frilled lizards
  14 kobolds
  8 rats
123 creatures vanquished.

Vanquished Creatures (collateral kills)
  A wight (D:6)
  2 adders (D:2)
  2 worms (D:2)
  2 hobgoblins (D:2)
  A quokka (D:2)
  A ball python (D:3)
  A rat (D:2)
10 creatures vanquished.

Grand Total: 133 creatures vanquished

Notes
Turn   | Place    | Note
-------+----------+-------------------------------------------
     0 | D:1      | PimpSugar the Demonspawn Hedge Wizard began the quest for
                  | the Orb.
     0 | D:1      | Reached XP level 1. HP: 13/13 MP: 4/4
   216 | D:1      | Reached skill level 1 in Translocations
   326 | D:1      | Gained mutation: You are partially covered in rugged brown
                  | scales. (AC +1, +3% HP) [demonic ancestry]
   326 | D:1      | Reached XP level 2. HP: 11/19 MP: 4/6
   978 | D:1      | Learned a level 2 spell: Call Imp
  1529 | D:2      | Found Liskotea's Antique Weapon Emporium.
  1555 | D:2      | Reached XP level 3. HP: 16/25 MP: 5/7
  1580 | D:2      | Found Xiamm's Weapon Shop.
  1948 | D:2      | Gained mutation: You regenerate a little health from kills.
                  | [demonic ancestry]
  1948 | D:2      | Reached XP level 4. HP: 25/31 MP: 1/9
  2031 | D:2      | Found a burning altar of Makhleb.
  2044 | D:2      | Found Iviemimp's Book Shoppe.
  2064 | D:2      | Identified the +6 spear "Suugas" {distort, Str+2 Dex+2
                  | SInv}
  2093 | D:2      | Noticed Robin
  2103 | D:2      | Killed Robin
  2104 | D:2      | Reached skill level 1 in Fighting
  2144 | D:2      | Found Aqaidoum's Distillery.
  2435 | D:2      | Found Usijayt's Weapon Boutique.
  3288 | D:3      | Gained mutation: You have sharp fingernails. [demonic
                  | ancestry]
  3288 | D:3      | Reached XP level 5. HP: 36/38 MP: 10/10
  3590 | D:4      | Noticed an ogre
  3595 | D:4      | Killed an ogre
  3709 | D:4      | Reached skill level 4 in Spellcasting
  3711 | D:4      | Gained mutation: You have very sharp fingernails. [demonic
                  | ancestry]
  3711 | D:4      | Reached XP level 6. HP: 42/44 MP: 10/12
  3712 | D:4      | Reached skill level 1 in Necromancy
  3816 | D:4      | Noticed Menkaure
  3820 | D:4      | Killed Menkaure
  3821 | D:4      | Reached skill level 1 in Polearms
  3987 | D:4      | Noticed Ijyb
  3995 | D:4      | Killed Ijyb
  4078 | D:4      | Noticed Grinder
  4095 | D:4      | Paralysed by Grinder for 4 turns
  4100 | D:4      | Killed Grinder
  4101 | D:4      | Reached skill level 1 in Evocations
  4101 | D:4      | Reached XP level 7. HP: 51/51 MP: 11/13
  4568 | D:5      | Entered Level 5 of the Dungeon
  4571 | D:5      | Noticed a wyvern
  4576 | D:5      | Killed a wyvern
  4981 | D:5      | Noticed Edmund
  4997 | D:5      | Killed Edmund
  4998 | D:5      | Gained mutation: You are mostly covered in rugged brown
                  | scales. (AC +2, +5% HP) [demonic ancestry]
  4998 | D:5      | Reached XP level 8. HP: 45/59 MP: 12/15
  5157 | D:5      | Reached skill level 5 in Spellcasting
  5275 | D:5      | Found a hide-covered altar of Uskayaw.
  5275 | D:5      | Found a shadowy altar of Dithmenos.
  5437 | D:6      | Noticed Prince Ribbit
  5458 | D:6      | Killed Prince Ribbit
  5846 | D:6      | HP: 1/57 [wight/+5 trident of freezing (3)]
  5846 | D:6      | Slain by a wight

Illustrated notes

Levels and vault maps discovered:
D:1:      dpeg_cavernosity, layout_basic
D:2:      layout_basic, basic_altar, serial_shops,
          nicolae_shop_advertising_works [nicolae_subvault_shop_adworks], shop,
          nicolae_shop_stone, shop, shop, hangedman_decor_points, uniq_robin
D:3:      minmay_diamond_boxcup, layout_loops_ring
D:4:      layout_gridville, uniq_ijyb, uniq_menkaure, uniq_grinder
D:5:      layout_basic, nicolae_overflow_hidden_temple, uniq_edmund
D:6:      old_forge, layout_loops_ring, nzn_hepliaklqana_mist_gate,
          minmay_temple_entry_poolview, uniq_prince_ribbit1

Skill      XL: |  1  2  3  4  5  6  7  8 |
---------------+-------------------------+-----
Translocations | 1 2 3 |  3.1
Stealth        | 2 3 |  3.6
Dodging        | 2 3 |  3.4
Conjurations   | 2 3 4 |  4.8
Fighting       | 1 2 3 |  3.0
Summonings     | 2 3 |  3.4
Spellcasting   | 4 5 |  5.3
Necromancy     | 1 2 |  2.9
Polearms       | 1 2 |  2.7
Evocations     | 1 2 |  2.3

Action                   |  1- 3 |  4- 6 |  7- 9 || total
-------------------------+-------+-------+-------++-------
Melee: Dagger            |    64 |     9 |       ||    73
       Punch             |     2 |     1 |     1 ||     4
       Spear             |       |    98 |    93 ||   191
 Cast: Magic Dart        |    53 |    27 |    24 ||   104
       Call Imp          |     4 |     4 |     8 ||    16
Evoke: Wand              |       |     1 |       ||     1
  Use: Potion            |     1 |       |     2 ||     3
       Scroll            |       |     6 |     6 ||    12
 Stab: Sleeping          |     1 |    10 |     2 ||    13
       Distracted        |     1 |       |       ||     1
Armor: Robe              |     6 |       |       ||     6
       Leather armour    |    15 |    31 |    11 ||    57
Dodge: Dodged            |    52 |    47 |    50 ||   149
Block: Other             |       |    26 |    19 ||    45

Table legend: (Time is in decaauts)
 A = Elapsed time spent in this place.
 B = Non-inter-level travel time spent in this place.
 C = Inter-level travel time spent in this place.
 D = Time resting spent in this place.
 E = Time spent auto-exploring this place.
 F = Levels seen in this place.
 G = Mean time per level.
                   A        B        C        D        E       F      G
               +--------+--------+--------+--------+--------+-----+--------+
         Total |   5850 |   5384 |    466 |    296 |   3790 |   6 |  975.0 |
       Dungeon |   5850 |   5384 |    466 |    296 |   3790 |   6 |  975.0 |
               +--------+--------+--------+--------+--------+-----+--------+

Top non-repeatable levels by time:
     D:1: 1456 daAuts
     D:2: 1276 daAuts
     D:4: 1099 daAuts
     D:5: 757 daAuts
     D:3: 740 daAuts
     D:6: 518 daAuts
